Construct Section Command Post
Construct Platoon Command Post
Selects Air and Sea Battlegroup
Selects Commando Section Paradrop
Commando Section Paradrop
Unlock M3 Stuart Light Tanks
Commando Section Paradrop
Commando Section Paradrop
Selects Commando Support Section Paradrop
Commando Support Section Paradrop
Construct Company Command Post
Selects Anti-tank Rocket Loiter
Unlock M3 Grant Medium Tanks
Commando Section Paradrop
Selects Naval Bombardment
Commando Section Paradrop